 Dungeon Crawl Stone Soup version 0.30.0-29-ga12c61a403 (webtiles) character file.

Game seed: 213545072735390555

617161 ChadusMaximus the Axe Maniac (level 26, -12/233 (239) HPs)
             Began as a Minotaur Fighter on June 25, 2023.
             Was a Follower of Lugonu.
             Killed from afar by a Hell Sentinel (19 damage)
             ... with an iron shot
             ... led by Tihuilud
             ... on level 3 of the Dungeon.
             The game lasted 01:45:50 (67460 turns).

ChadusMaximus the Axe Maniac (Minotaur Fighter)    Turns: 67460, Time: 01:45:52

HP:   -12/233 (239) AC: 42    Str: 36    XL:     26   Next: 41%
MP:   30/30         EV: 14    Int:  2    God:    Lugonu [*.....]
Gold: 7225          SH: 31    Dex: 11    Spells: 25/25 levels left

rFire   + + +        m - +8 broad axe "Jirititz" {elec, rF+ rN+ Dex-3}
rCold   + + +        c - +7 tower shield of the Fife {Int+2}
rNeg    + . .        K - +15 gold dragon scales of True Grit {rPois rF+ rC+ Dex+2}
rPois   +            (helmet unavailable)
rElec   +            Y - scarf "Letham" {rC+ rF+, Str+4 Int-3 Dex+4}
rCorr   +            j - +0 pair of gloves "Yri Vija" {rElec}
SInv    +            U - +3 pair of mountain boots {steadfast, rC+}
Will    +....        D
                       - Hermit's Pendant {Faith Invo=14 Evo=0 MP+5} Stlth
                     y - +4 ring of slaying
HPRegen 0.00/turn    J - ring of Liberalism {Fly rElec rCorr Str+3 SInv}
MPRegen 0.22/turn

%: faith
@: flying, inhibited regen, slowed, lost intelligence, studying 3 skills,
lightly drained, unable to read, very slow
A: horns 3, retaliatory headbutt, camouflage 1, deformed body, sense
surroundings 1, inhibited regeneration, wild magic 1, [clumsy 2], [dopey 1],
[frail 1], [low MP 2], [screaming 1], [weak 1]
0: Orb of Zot
}: 4/15 runes: decaying, serpentine, slimy, silver
a: Renounce Religion, Depart the Abyss


You were on level 3 of the Dungeon.
You worshipped Lugonu.
Lugonu was aware of your devotion.
You visited 11 branches of the dungeon, and saw 51 of its levels.
You visited the Abyss 1 time.
You visited 1 bazaar.
You also visited: Wizlab.

You collected 10407 gold pieces.
You spent 3182 gold pieces at shops.

Inventory:

Hand Weapons
 m - the +8 broad axe "Jirititz" (weapon) {elec, rF+ rN+ Dex-3}
   (You took it off a spriggan rider on level 4 of the Swamp)

   Dex:       It affects your dexterity (-3).
   rF:        It protects you from fire.
   rN:        It protects you from negative energy.
Missiles
 B - 12 boomerangs
 M - 8 silver javelins
 X - 4 silver boomerangs (quivered)
 Z - 18 javelins
Armour
 c - the +7 tower shield of the Fife (worn) {Int+2}
   (Okawaru gifted it to you on level 4 of the Lair of Beasts)

   Int:       It affects your intelligence (+2).
 j - the +0 pair of gloves "Yri Vija" (worn) {rElec}
   (You found it on level 5 of the Lair of Beasts)

   rElec:     It insulates you from electricity.
 K - the +15 gold dragon scales of True Grit (worn) {rPois rF+ rC+ Dex+2}
   (Okawaru gifted it to you on level 4 of the Realm of Zot)

   Dex:       It affects your dexterity (+2).
   rF:        It protects you from fire.
   rC:        It protects you from cold.
   rPois:     It protects you from poison.
 S - a +3 plate armour of positive energy
 U - the +3 pair of mountain boots (worn) {steadfast, rC+}
   (Okawaru gifted it to you on level 2 of the Orcish Mines)

   Steadfast: It prevents involuntary movement, except for blinking,
   teleportation, or banishment.
   rC:        It protects you from cold.
 Y - the scarf "Letham" (worn) {rC+ rF+, Str+4 Int-3 Dex+4}
   (Okawaru gifted it to you on level 3 of the Snake Pit)

   Str:       It affects your strength (+4).
   Int:       It affects your intelligence (-3).
   Dex:       It affects your dexterity (+4).
Jewellery
 s - a ring of poison resistance
 y - a +4 ring of slaying (left hand)
 D - the Hermit's Pendant (around neck) {Faith Invo=14 Evo=0 MP+5}
   (You found it on level 3 of the Dungeon)

   [amulet of faith]

   Invo=14: It sets your Invocations skill to 14.
   Evo=0: It sets your Evocations skill to 0.
   It allows you to gain divine favour quickly.
   MP:        It affects your magic capacity (+5).
 J - the ring of Liberalism (right hand) {Fly rElec rCorr Str+3 SInv}
   (You found it on level 2 of the Depths)

   [ring of resist corrosion]

   Str:       It affects your strength (+3).
   rElec:     It insulates you from electricity.
   SInv:      It lets you see invisible.
   Fly:       It grants you flight.
   rCorr:     It protects you from acid and corrosion.
 L - a ring of protection from fire
 P - a ring of flight
 W - a ring of protection from cold
Wands
 a - a wand of polymorph (7)
 E - a wand of digging (38)
Scrolls
 b - 4 scrolls of vulnerability
 e - 9 scrolls of fog
 f - 6 scrolls of enchant armour
 g - 5 scrolls of blinking
 h - 8 scrolls of amnesia
 i - a scroll of brand weapon
 l - 9 scrolls of poison
 n - 12 scrolls of teleportation
 o - a scroll of silence
 q - 10 scrolls of fear
 u - 16 scrolls of identify
 x - 9 scrolls of enchant weapon
 z - 18 scrolls of immolation
 F - 3 scrolls of torment
 V - 7 scrolls of noise
Potions
 d - 6 potions of might
 k - 11 potions of flight
 p - 10 potions of brilliance
 r - 4 potions of resistance
 t - 2 potions of ambrosia
 v - 13 potions of curing
 w - 5 potions of mutation
 A - 4 potions of magic
 G - 6 potions of cancellation
 H - 8 potions of attraction
 O - 6 potions of haste
 Q - 10 potions of lignification
 T - 3 potions of berserk rage


   Skills:
 O Level 27 Fighting
 O Level 27 Axes
 + Level 16.2 Throwing
 + Level 25.6 Armour
 + Level 16.5 Dodging
 O Level 27 Shields
 - Level 3.2(14.0) Invocations


You had 25 spell levels left.
You didn't know any spells.
Your spell library contained the following spells:

 Spells                   Type           Power      Damage    Failure   Level
 Apportation              Tloc           0%         N/A       98%         1
 Magic Dart               Conj           0%         1d3       98%         1
 Necrotise                Necr           0%         1d4       98%         1
 Shock                    Conj/Air       0%         1d3       98%         1
 Sting                    Tmut/Pois      0%         1d3       98%         1
 Blink                    Tloc           0%         N/A       99%         2
 Call Imp                 Summ           0%         N/A       99%         2
 Cigotuvi's Dreadful Rot  Necr/Pois/Air  0%         N/A       99%         2
 Ensorcelled Hibernation  Hex/Ice        0%         N/A       99%         2
 Momentum Strike          Conj/Tloc      0%         3d8       99%         2
 Passwall                 Tmut/Erth      0%         N/A       99%         2
 Poisonous Vapours        Pois/Air       0%         N/A       99%         2
 Static Discharge         Conj/Air       0%         2-2/arc   99%         2
 Sublimation of Blood     Necr           0%         N/A       99%         2
 Wereblood                Tmut           0%         N/A       99%         2
 Ignite Poison            Fire/Tmut/Pois 0%         N/A       100%        3
 Inner Flame              Hex/Fire       0%         N/A       100%        3
 Mephitic Cloud           Conj/Pois/Air  0%         N/A       100%        3
 Portal Projectile        Hex/Tloc       0%         N/A       100%        3
 Spider Form              Tmut/Pois      0%         N/A       100%        3
 Swiftness                Air            0%         N/A       100%        3
 Tukima's Dance           Hex            0%         N/A       100%        3
 Vampiric Draining        Necr           0%         2d6       100%        3
 Vhi's Electric Charge    Tloc/Air       0%         N/A       100%        3
 Volatile Blastmotes      Fire/Tloc      0%         2d10      100%        3
 Airstrike                Air            0%         2d(0-16)  100%        4
 Anguish                  Hex/Necr       0%         N/A       100%        4
 Cause Fear               Hex            0%         N/A       100%        4
 Dispel Undead            Necr           0%         3d6       100%        4
 Flame Wave               Conj/Fire      0%         2d4       100%        4
 Fulminant Prism          Conj/Hex       0%         3d5       100%        4
 Ice Form                 Ice/Tmut       0%         N/A       100%        4
 Iskenderun's Mystic Bla  Conj/Tloc      0%         2d3       100%        4
 Leda's Liquefaction      Hex/Erth       0%         N/A       100%        4
 Manifold Assault         Tloc           0%         N/A       100%        4
 Olgreb's Toxic Radiance  Pois           0%         N/A       100%        4
 Passage of Golubria      Tloc           0%         N/A       100%        4
 Sticky Flame             Conj/Fire      0%         2d3       100%        4
 Summon Lightning Spire   Summ/Air       0%         N/A       100%        4
 Agony                    Necr           0%         N/A       100%        5
 Alistair's Intoxication  Tmut/Pois      0%         N/A       100%        5
 Blade Hands              Tmut           0%         N/A       100%        5
 Borgnjor's Vile Clutch   Necr/Erth      0%         N/A       100%        5
 Fireball                 Conj/Fire      0%         3d3       100%        5
 Freezing Cloud           Conj/Ice/Air   0%         6-21      100%        5
 Irradiate                Conj/Tmut      0%         3d11      100%        5
 Iskenderun's Battlesphe  Conj           0%         2d6       100%        5
 Lee's Rapid Deconstruct  Erth           0%         3d4*      100%        5
 Yara's Violent Unravell  Hex/Tmut       0%         3d3       100%        5
 Conjure Ball Lightning   Conj/Air       0%         3x3d6     100%        6
 Death Channel            Necr           0%         N/A       100%        6
 Dispersal                Tloc           0%         N/A       100%        6
 Eringya's Noxious Bog    Tmut/Pois      0%         N/A       100%        6
 Plasma Beam              Fire/Air       0%         2x1d11    100%        6
 Simulacrum               Ice/Necr       0%         N/A       100%        6
 Statue Form              Tmut/Erth      0%         N/A       100%        6
 Dragon Form              Tmut           0%         N/A       100%        7
 Enfeeble                 Hex            0%         N/A       100%        7
 Haunt                    Necr/Summ      0%         N/A       100%        7
 Orb of Destruction       Conj           0%         9d5       100%        7
 Ozocubu's Refrigeration  Ice            0%         4d7       100%        7
 Storm Form               Tmut/Air       0%         N/A       100%        7
 Summon Hydra             Summ           0%         N/A       100%        7
 Borgnjor's Revivificati  Necr           0%         N/A       100%        8
 Disjunction              Tloc           0%         N/A       100%        8
 Necromutation            Tmut/Necr      0%         N/A       100%        8
 Death's Door             Necr           0%         N/A       100%        9
 Dragon's Call            Summ           0%         N/A       100%        9
 Polar Vortex             Ice            0%         N/A       100%        9


Dungeon Overview and Level Annotations

Branches:
Dungeon (15/15)            Temple (1/1) D:7            Lair (5/5) D:9
  Swamp (4/4) Lair:2        Snake (4/4) Lair:2        Slime (5/5) Lair:5
    Orc (2/2) D:11            Elf (1/3) Orc:2        Vaults (5/5) D:14
  Crypt (0/3) Vaults:3     Depths (4/4) D:15            Zot (5/5) Depths:4
 WizLab (visited)

Altars:
Ashenzari
Cheibriados
Dithmenos
Elyvilon
Fedhas
Gozag
Hepliaklqana
Kikubaaqudgha
Makhleb
Nemelex Xobeh
Okawaru
Qazlal
Ru
Sif Muna
Trog
Uskayaw
Vehumet
Wu Jian
Xom
Yredelemnul
Zin
The Shining One
Jiyva

Shops:
D:10 *==:[(   Orc:1 **   Orc:2 *=([(*   Snake:1 :   Vaults:1 (=   Vaults:3 (
Zot:1 *   Depths:3 [   Depths:4 :

Portals:
Hell: Depths:1 Depths:2 Depths:3 Depths:4
Abyss: Depths:1 Depths:2 Depths:3
Pandemonium: Depths:2
Ziggurat: Depths:1

Annotations:
D:11 3 runed translucent doors
D:14 1 runed translucent door


Innate Abilities, Weirdness & Mutations

You have a pair of large horns on your head.
You reflexively headbutt those who attack you in melee.
Your skin changes colour to match your surroundings (Stealth+).
Armour fits poorly on your strangely shaped body.
You passively map a small area around you.
You do not regenerate when monsters are visible.
Your spells are a little harder to cast, but a little more powerful.
[You are very clumsy. (Dex -4)]
[You are dopey. (Int -2)]
[You are frail. (-10% HP)]
[Your magical capacity is very low. (-20% MP)]
[You occasionally shout uncontrollably at your foes.]
[You are weak. (Str -2)]


Message History

The wizard shouts!
You block the shadow wraith's attack.
A starcursed mass splits.
A chorus of shrieks assaults your mind.
* * * LOW HITPOINT WARNING * * *
You block the shadow wraith's attack.
The wizard gestures wildly while chanting.
The wizard flickers and vanishes for a moment.
Your memory of the abyssal rune fades away.
You pass through the gate.
Welcome back to the Dungeon!
You can no longer banish your foes.
Tihuilud hits you but does no damage. Space warps around you.
* * * LOW HITPOINT WARNING * * *
The Tzitzimitl gestures at you. The bolt of negative energy misses you.
You block the lorocyproca's attack. x2
Tihuilud hits you but does no damage. Space warps around you.
* * * LOW HITPOINT WARNING * * *
The Tzitzimitl gestures at you.
The bolt of negative energy hits the Hell Sentinel.
The Hell Sentinel completely resists.
The bolt of negative energy hits you! You partially resist.
You feel drained.
* * * LOW HITPOINT WARNING * * *
Okay, then.
Okay, then.
Okay, then.
You cannot read scrolls in your current state!
Okay, then.
You cannot read scrolls in your current state!
Okay, then.
You block Tihuilud's attack.
You block the Hell Sentinel's attack. x2
Tihuilud hits you but does no damage. Space warps around you.
* * * LOW HITPOINT WARNING * * *
There is a stone staircase leading up here.
Magic restored.
You block Tihuilud's attack.
The Tzitzimitl calls on the powers of darkness!
Your body is wracked with pain!
* * * LOW HITPOINT WARNING * * *
The Hell Sentinel gestures at you. The iron shot hits you!!
You die...

#.####.#########.# #.#.###
..##.............##########.#.<..
..##.#.......###............#.###
.....#........##.############.#
.#####.#####..##.## #.# .# #.#
#..#...###########.# .# #.#
#....#.............# .# #.#
##.#.2&###########.# .## #.#
#.##@## #.# ..####.# #.##1# #.#
.......######.##1# #.#
.................############.#
.############.#####........>..#
## #.#####.########### #.......#
#########


You could see Tihuilud, a Hell Sentinel, a Tzitzimitl and a lorocyproca
(invisible).

Vanquished Creatures
  the Royal Jelly (Slime:5)
  5 dread liches
  4 orbs of fire
  7 ancient liches
  A pandemonium lord (Depths:1)
  Mennas (Depths:4)
  3 Killer Klowns
  3 curse toes
  Vashnia (Snake:4)
  7 caustic shrikes (Depths:2)
  6 golden dragons
  A profane servitor (D:10)
  the Enchantress (Depths:2)
  Jory (Depths:4)
  A Tzitzimitl (Zot:5)
  A bone dragon (Vaults:3)
  3 electric golems
  Mlioglotl (Snake:1)
  A walking crystal tome (Depths:2)
  Jorgrun (Snake:1)
  18 tentacled monstrosities
  27 Orb Guardians
  Rupert (Lair:4)
  5 titans
  3 liches
  19 acid blobs
  4 quicksilver dragons
  Gastronok (D:12)
  2 Executioners
  6 death cobs
  5 tengu reavers
  6 tentacled starspawn
  12 storm dragons
  4 sphinxes
  Kirke (Swamp:1)
  4 thorn hunters (Swamp:3)
  12 shadow dragons
  Donald (Vaults:3)
  5 draconian monks
  11 rockslimes
  A demonspawn warmonger (D:14)
  9 fire giants
  An azure jelly (shapeshifter) (Elf:1)
  11 azure jellies
  The ghost of ChadusMaximus the Convoker, an adept BaSu of Hepliaklqana (Swamp:2)
  5 nagarajas
  2 fenstrider witches (Swamp:4)
  6 frost giants
  2 iron dragons (Vaults:5)
  A deep elf sorcerer (Vaults:4)
  3 balrugs
  Louise (Swamp:2)
  23 vault wardens
  5 draconian shifters
  A juggernaut zombie (Depths:1)
  A draconian stormcaller (Depths:4)
  A draconian scorcher (Zot:1)
  14 ironbound preservers
  Aizul (Snake:1)
  10 stone giants
  54 very ugly things
  14 quicksilver oozes
  7 draconian annihilators
  2 war gargoyles
  A cacodemon (Depths:1)
  6 ghouls
  Nessos (D:14)
  9 ironbound thunderhulks
  4 spriggan defenders (Depths:2)
  4 orc warlords
  The ghost of ANNNA the Fighter, a journeyman DrIE of Ashenzari (D:14)
  13 green draconians
  4 vampire knights
  4 eleionomae
  8 dire elephants
  A deep elf demonologist (Depths:2)
  8 yellow draconians
  A bunyip (shapeshifter) (Vaults:5)
  9 black draconians
  10 white draconians
  4 spark wasps
  5 bunyips
  16 red draconians
  2 deep elf annihilators
  8 purple draconians
  8 ettins
  3 blizzard demons
  A deep elf death mage (Vaults:4)
  Snorg (Lair:3)
  2 shambling mangroves (Swamp:3)
  3 green deaths
  5 fire dragons
  7 deep elf high priests
  8 great orbs of eyes
  3 rakshasas
  10 hydras
  2 spectral fenstrider witches (Swamp:2)
  An entropy weaver (Vaults:3)
  7 yaktaur captains
  34 vault guards
  Erolcha (D:10)
  A salamander tyrant (Snake:4)
  2 ice dragons
  2 juggernaut simulacra
  An anaconda (shapeshifter) (Vaults:5)
  5 spriggan air magi (Depths:2)
  5 ogre magi
  5 ghost crabs
  4 ironbound frosthearts
  A death knight (D:14)
  A jorogumo (shapeshifter) (Vaults:4)
  A catoblepas (Lair:4)
  A two-headed ogre (shapeshifter) (Vaults:5)
  12 alligators
  6 dancing weapons
  Erica (D:10)
  17 naga warriors
  A deep troll shaman (Depths:2)
  9 two-headed ogres
  15 centaur warriors
  13 anacondas
  4 deep troll earth magi
  6 boulder beetles
  11 tengu warriors
  2 orc high priests (Orc:2)
  4 death yaks (Lair:5)
  3 thrashing horrors
  2 vampire magi (Depths:3)
  14 spriggan berserkers
  3 hell hogs (Depths:2)
  Urug (Lair:3)
  8 shock serpents
  A titan skeleton (Vaults:3)
  18 hell knights
  2 deep elf knights
  9 naga sharpshooters
  7 sun demons
  Sonja (Lair:3)
  4 soul eaters
  5 salamander mystics
  4 skeletal warriors
  4 goliath frogs
  Lodul (D:10)
  A shadow wraith (WizLab)
  A death drake (Vaults:3)
  A sea snake (shapeshifter) (Vaults:4)
  3 sea snakes
  An iron troll (Depths:2)
  A flayed ghost (Depths:2)
  A skyshark (Lair:4)
  An orange crystal statue (D:11)
  2 quicksilver dragon simulacra (Depths:2)
  8 glowing orange brains
  53 deep trolls
  14 swamp dragons
  10 bog bodies
  4 spriggan druids
  5 naga ritualists
  A shadow demon (WizLab)
  A golden dragon skeleton (Vaults:3)
  14 necromancers
  A steelbarb worm (shapeshifter) (Vaults:2)
  8 wizards
  11 ironbound convokers
  2 human zombies (Vaults:2)
  11 harpies
  5 lindwurms
  5 phantasmal warriors
  An obsidian statue (WizLab)
  5 deep elf zephyrmancers (Elf:1)
  Pikel (D:7)
  13 deep elf pyromancers
  2 fenstrider witch simulacra (Swamp:2)
  10 salamanders
  10 orc knights
  4 oklob plants
  6 shining eyes
  A spectral spriggan (Swamp:2)
  11 mana vipers
  6 orc sorcerers
  2 sphinx skeletons
  A frost giant zombie (Vaults:4)
  4 wolf spiders
  2 manticores (D:14)
  A fire giant zombie (Vaults:2)
  A faun (shapeshifter) (Vaults:5)
  50 ugly things
  2 worldbinders (WizLab)
  21 moths of wrath
  9 will-o-the-wisps
  A toenail golem (Zot:5)
  14 elephants
  9 cyclopes
  An ice statue (Depths:2)
  53 black mambas
  8 torpor snails
  26 naga magi
  2 demonic crawlers
  2 gargoyles (D:12)
  7 guardian serpents
  An elf zombie (Vaults:2)
  27 vault sentinels
  A yaktaur zombie (Vaults:2)
  4 orange demons
  13 cane toads
  A freezing wraith (WizLab)
  3 unseen horrors
  An ice devil (Depths:2)
  5 rime drakes
  A komodo dragon (shapeshifter) (Vaults:5)
  3 kobold demonologists
  9 komodo dragons
  39 yaktaurs
  6 tengu conjurers
  2 efreet
  A red devil (Zot:5)
  2 spectral death drakes (Swamp:2)
  A golden dragon simulacrum (Vaults:3)
  3 meliai (D:15)
  A yaktaur skeleton (Vaults:4)
  A polar bear (shapeshifter) (Vaults:5)
  A shadow dragon simulacrum (Vaults:3)
  10 trolls
  Grinder (D:6)
  31 hornets
  17 blink frogs
  12 tyrant leeches
  6 large abominations
  A hellwing (Depths:1)
  An iron dragon simulacrum (Vaults:3)
  2 polar bears (Lair:2)
  3 raiju (Vaults:3)
  A fire giant simulacrum (Depths:1)
  A slime creature (shapeshifter) (Depths:3)
  A centaur simulacrum (D:14)
  Sigmund (D:6)
  A vampire (D:12)
  An air elemental (Vaults:3)
  6 shadows
  18 wyverns
  21 spriggans
  100 slime creatures
  A spriggan skeleton (Depths:2)
  5 water elementals
  6 wraiths
  Eustachio (D:4)
  63 yaks
  6 small abominations
  2 elf skeletons
  Grum (D:10)
  5 basilisks
  A neqoxec (Depths:1)
  5 hogs
  A yaktaur simulacrum (Vaults:2)
  6 golden eyes
  5 redbacks
  4 spriggan simulacra (Swamp:2)
  5 steam dragons
  A chaos spawn (Abyss:5)
  An acid dragon (D:12)
  15 two-headed ogre zombies (D:11)
  15 vampire mosquitoes
  7 spatial vortices (WizLab)
  3 wargs
  17 swamp worms
  32 nagas
  A death drake simulacrum (Swamp:2)
  A glowing shapeshifter zombie (Depths:1)
  3 hell hounds (WizLab)
  22 water moccasins
  Duvessa (D:7)
  2 ice beasts
  22 orc warriors
  3 swamp drakes (Swamp:2)
  A sky beast (D:8)
  16 ogres
  3 black bears
  2 boggarts (WizLab)
  16 wolves
  9 centaurs
  7 ettin simulacra (Depths:2)
  A centaur (shapeshifter) (D:15)
  A lemure (D:7)
  2 phantoms (D:11)
  5 kobold brigands
  2 gnoll sergeants
  10 bullfrogs
  3 necrophages (Swamp:4)
  An earth elemental (Elf:1)
  A human skeleton (WizLab)
  2 scorpions
  3 wights
  Dowan (D:7)
  A hornet simulacrum (D:14)
  31 killer bees
  4 vampire bats
  An electric eel (Snake:4)
  2 howler monkeys
  A crimson imp (WizLab)
  3 lava snakes (Lair:2)
  3 hounds
  A jelly (D:6)
  17 orc priests
  A sleepcap (D:6)
  4 starcursed masses (Abyss:5)
  15 orc wizards
  Ijyb (D:4)
  8 iguanas
  4 lightning spires (Vaults:3)
  6 ogre zombies (D:11)
  10 gnolls
  2 adders
  A white imp (D:8)
  2 ufetubi
  2 worms (D:2)
  3 dart slugs
  46 orcs
  2 bats (D:2)
  3 bat skeletons (D:6)
  3 bat zombies (D:6)
  6 endoplasms
  4 goblins
  7 hobgoblins
  A jackal (D:3)
  4 quokkas
  9 ball pythons
  8 frilled lizards
  A goblin skeleton (D:11)
  A goblin zombie (D:11)
  A hobgoblin skeleton (D:11)
  14 kobolds
  2 orc skeletons (D:11)
  14 orc zombies (D:11)
  3 rats
  6 starspawn tentacles (WizLab)
2224 creatures vanquished.

Vanquished Creatures (others)
  An eldritch tentacle (WizLab)
  A frost giant (Depths:3)
  A war gargoyle (Vaults:5)
  An ogre mage (Vaults:3)
  A quicksilver dragon simulacrum (Depths:2)
  A wizard (Vaults:3)
  A black mamba (Snake:2)
  A bloated husk (Swamp:2)
  A vampire (D:14)
  A wight (D:7)
  An orc wizard (D:8)
  A ball lightning (Vaults:3)
  31 foxfires
  5 starspawn tentacles (WizLab)
48 creatures vanquished.

Grand Total: 2272 creatures vanquished

Notes
Turn   | Place    | Note
-------+----------+-------------------------------------------
     0 | D:1      | ChadusMaximus the Minotaur Fighter began the quest for the
                  | Orb.
     0 | D:1      | Reached XP level 1. HP: 19/19 MP: 0/0
   134 | D:1      | Found a faded altar of an unknown god.
   134 | D:1      | Noticed a balrug
   175 | D:1      | Reached XP level 2. HP: 27/27 MP: 1/1
   183 | D:1      | You fall into a shaft and drop 1 floor!
   392 | D:2      | Found a hazy altar of Hepliaklqana.
   618 | D:2      | Reached XP level 3. HP: 33/33 MP: 2/2
  2251 | D:3      | Reached XP level 4. HP: 39/40 MP: 3/3
  2460 | D:3      | Found a shimmering altar of Xom.
  2587 | D:3      | Identified the +3 ring mail of the Stained God {rPois rCorr
                  | Str-5 Dex+5 Stlth+}
  2814 | D:3      | Found a faded altar of an unknown god.
  2814 | D:3      | Found the Hermit's Pendant {Faith Invo=14 Evo=0 MP+5}
  2820 | D:3      | Reached XP level 5. HP: 43/47 MP: 4/4
  3024 | D:4      | Noticed Ijyb
  3032 | D:4      | Killed Ijyb
  3268 | D:4      | Noticed Eustachio
  3276 | D:4      | Killed Eustachio
  3277 | D:4      | Reached skill level 5 in Fighting
  3277 | D:4      | Reached skill level 5 in Axes
  3277 | D:4      | Reached skill level 5 in Armour
  3277 | D:4      | Reached skill level 5 in Shields
  3277 | D:4      | Reached XP level 6. HP: 39/56 MP: 15/15
  3514 | D:5      | Entered Level 5 of the Dungeon
  3689 | D:5      | Reached XP level 7. HP: 53/61 MP: 16/16
  3828 | D:5      | Found an ornate altar of the Wu Jian Council.
  3828 | D:5      | Found an opulent altar of Gozag.
  3833 | D:5      | Found a snail-covered altar of Cheibriados.
  4324 | D:6      | Noticed Sigmund
  4336 | D:6      | Killed Sigmund
  4357 | D:6      | Reached XP level 8. HP: 57/70 MP: 17/17
  4580 | D:6      | Noticed Grinder
  4583 | D:6      | Killed Grinder
  4887 | D:6      | Found an ancient bone altar of Kikubaaqudgha.
  5034 | D:7      | Reached XP level 9. HP: 47/79 MP: 18/18
  5087 | D:7      | Noticed Duvessa
  5106 | D:7      | Killed Duvessa
  5106 | D:7      | Noticed Dowan
  5255 | D:7      | Killed Dowan
  5410 | D:7      | Found a staircase to the Ecumenical Temple.
  5410 | D:7      | Noticed Pikel
  5414 | D:7      | Killed Pikel
  5415 | D:7      | Reached skill level 10 in Axes
  5431 | Temple   | Entered the Ecumenical Temple
  5771 | D:8      | Reached XP level 10. HP: 79/90 MP: 19/19
  5774 | D:8      | Noticed a cyclops
  5780 | D:8      | Killed a cyclops
  5997 | D:8      | Noticed a boulder beetle
  5997 | D:8      | Noticed a four-headed hydra
  5997 | D:8      | Noticed a cyclops
  6013 | D:8      | Killed an eight-headed hydra
  6019 | D:8      | Killed a boulder beetle
  6376 | D:8      | Found an iron altar of Okawaru.
  6397 | D:8      | Became a worshipper of Warmaster Okawaru
  6668 | D:8      | Killed a cyclops
  6669 | D:8      | Reached XP level 11. HP: 84/99 MP: 20/20
  6780 | D:8      | Reached * piety under Okawaru
  6914 | D:8      | Reached skill level 10 in Fighting
  6982 | D:9      | Reached skill level 10 in Armour
  6982 | D:9      | Reached skill level 10 in Shields
  7315 | D:9      | Reached ** piety under Okawaru
  7333 | D:9      | Reached skill level 1 in Throwing
  7348 | D:9      | Found a staircase to the Lair.
  7364 | D:9      | Noticed a two-headed ogre
  7371 | D:9      | Killed a two-headed ogre
  7614 | D:9      | Noticed a two-headed ogre
  7618 | D:9      | Killed a two-headed ogre
  7618 | D:9      | Reached *** piety under Okawaru
  7723 | D:9      | Noticed a two-headed ogre
  7732 | D:9      | Killed a two-headed ogre
  7745 | D:10     | Entered Level 10 of the Dungeon
  7792 | D:10     | Found Sixkunna's Book Boutique.
  7801 | D:10     | Noticed Lodul
  7814 | D:10     | Killed Lodul
  7986 | D:10     | Found a bloodstained altar of Trog.
  7989 | D:10     | Noticed Erolcha
  8003 | D:10     | Killed Erolcha
  8193 | D:10     | Reached **** piety under Okawaru
  8202 | D:10     | Reached XP level 12. HP: 108/110 MP: 21/21
  8308 | D:10     | Found Cucaymip's Jewellery Emporium.
  8325 | D:10     | Found Budgh's Elemental Accessories.
  8362 | D:10     | Found Woetocli's Jewellery Shoppe.
  8498 | D:10     | Found a glowing silver altar of Zin.
  8498 | D:10     | Noticed an angel
  8516 | D:10     | Noticed Erica
  8523 | D:10     | Killed Erica
  8549 | D:10     | Noticed Grum
  8564 | D:10     | Reached ***** piety under Okawaru
  8567 | D:10     | Killed Grum
  8832 | D:10     | Found Uhaceemp's Weapon Boutique.
  8888 | D:10     | Found Sopeaxun's Armour Emporium.
  9015 | D:11     | Noticed a centaur warrior
  9022 | D:11     | Killed a centaur warrior
  9023 | D:11     | Reached skill level 15 in Axes
  9089 | D:11     | Found a runed translucent door.
  9115 | D:11     | Identified the +1 leather armour of Impermeability {rF++
                  | rC+}
  9124 | D:11     | Found a runed translucent door.
  9130 | D:11     | Received a gift from Okawaru
  9233 | D:11     | Noticed a two-headed ogre
  9244 | D:11     | Killed a two-headed ogre
  9528 | D:11     | Identified the +11 great sword "Asuizeb" {heavy, Fly Int+5}
                  | (Okawaru gifted it to you on level 11 of the Dungeon)
  9528 | D:11     | Received a gift from Okawaru
  9623 | D:11     | Noticed a boulder beetle
  9639 | D:11     | Killed a boulder beetle
  9722 | D:11     | Found a runed translucent door.
  9737 | D:11     | Found a runed translucent door.
  9942 | D:11     | Reached skill level 5 in Throwing
 10032 | D:11     | Noticed a two-headed ogre
 10170 | D:11     | Noticed a boulder beetle
 10182 | D:11     | Killed a boulder beetle
 10201 | D:11     | Found a staircase to the Orcish Mines.
 10549 | Orc:1    | Entered Level 1 of the Orcish Mines
 10704 | Orc:1    | Reached XP level 13. HP: 116/118 MP: 22/22
 10775 | Orc:1    | Found Umytocia's General Store.
 10775 | Orc:1    | Found Imish's Specific Store.
 10796 | Orc:1    | Identified a scroll of acquirement
 10797 | Orc:1    | Acquired a manual of Axes
 10943 | Orc:2    | Entered Level 2 of the Orcish Mines
 11356 | Orc:2    | Found Riog Sunuwk's CLEARANCE SALE!.
 11382 | Orc:2    | Found a staircase to the Elven Halls.
 11401 | Orc:2    | Received a gift from Okawaru
 11401 | Orc:2    | Found the +3 pair of mountain boots {steadfast, rC+}
 11443 | Orc:2    | Paralysed by an orc sorcerer for 2 turns
 11444 | Orc:2    | Noticed an orc warlord
 11487 | Elf:1    | Entered Level 1 of the Elven Halls
 11844 | Elf:1    | Identified the +2 war axe of Ora Mamm {protect, rPois}
 11888 | Elf:1    | Noticed a deep elf annihilator
 11897 | Elf:1    | Killed a deep elf annihilator
 11924 | Elf:1    | Received a gift from Okawaru
 11930 | Elf:1    | Noticed an azure jelly
 11937 | Elf:1    | Killed an azure jelly
 11969 | Elf:1    | Identified the +0 hat "Muefuss" {rCorr Int+7} (Okawaru
                  | gifted it to you on level 1 of the Elven Halls)
 11969 | Elf:1    | Received a gift from Okawaru
 12383 | Elf:1    | Killed an orc warlord
 12838 | Orc:2    | Found Pupaept's Antique Weapon Shop.
 12841 | Orc:2    | Found Vyocw's Antique Armour Shop.
 12847 | Orc:2    | Found Nathic's General Store.
 12871 | Orc:2    | Bought a polished hand axe for 224 gold pieces
 12871 | Orc:2    | Identified the +0 hand axe of the Tent {drain, rCorr} (You
                  | bought it in a shop on level 2 of the Orcish Mines)
 12916 | Orc:2    | Found Neil's Weapon Shoppe.
 12967 | Orc:2    | Found Niloipp's Jewellery Shop.
 13318 | Lair:1   | Entered Level 1 of the Lair of Beasts
 13350 | Lair:1   | Reached XP level 14. HP: 129/129 MP: 23/23
 14387 | Lair:2   | Received a gift from Okawaru
 14798 | Lair:3   | Noticed Urug
 14811 | Lair:3   | Killed Urug
 14909 | Lair:3   | Noticed Sonja
 14939 | Lair:3   | Killed Sonja
 14948 | Lair:3   | Received a gift from Okawaru
 15441 | Lair:3   | Noticed Snorg
 15453 | Lair:3   | Killed Snorg
 15810 | Lair:4   | Identified the +3 chain mail "Ukices" {rPois rF+ Int-4}
 15941 | Lair:4   | Identified the +7 tower shield of the Fife {Int+2} (Okawaru
                  | gifted it to you on level 4 of the Lair of Beasts)
 15941 | Lair:4   | Received a gift from Okawaru
 16287 | Lair:4   | You fall into a shaft and drop 1 floor!
 16287 | Lair:5   | Entered Level 5 of the Lair of Beasts
 16437 | Lair:5   | Reached ****** piety under Okawaru
 16720 | Lair:5   | Found a runed translucent door.
 16864 | Lair:5   | Reached XP level 15. HP: 104/138 MP: 24/24
 16864 | Lair:5   | Received a gift from Okawaru
 16908 | Lair:5   | Identified the +0 pair of gloves "Yri Vija" {rElec}
 17041 | Lair:5   | Identified the +1 chain mail of Naph {+Blink rN+} (Okawaru
                  | gifted it to you on level 5 of the Lair of Beasts)
 17041 | Lair:5   | Received a gift from Okawaru
 17132 | Lair:5   | Identified the +2 leather armour "Vuhizxem" {+Blink}
 17290 | Lair:5   | Reached skill level 15 in Shields
 17958 | Lair:5   | Found a viscous altar of Jiyva.
 17960 | Lair:5   | Found a staircase to the Slime Pits.
 18888 | Lair:4   | Noticed Rupert
 18888 | Lair:4   | Paralysed by Rupert for 3 turns
 18903 | Lair:4   | Paralysed by Rupert for 3 turns
 18913 | Lair:4   | Paralysed by Rupert for 4 turns
 18919 | Lair:4   | Killed Rupert
 19637 | Lair:2   | Found a staircase to the Snake Pit.
 19647 | Lair:2   | Identified the +1 broad axe of Eternal Vigilance {freeze,
                  | rElec rN+ Int-3} (Okawaru gifted it to you on level 2 of
                  | the Lair of Beasts)
 19647 | Lair:2   | Received a gift from Okawaru
 20055 | Lair:2   | Found a staircase to the Swamp.
 20654 | D:12     | Noticed Gastronok
 20667 | D:12     | Killed Gastronok
 20960 | D:12     | Acquired 1168 gold pieces
 21231 | D:13     | Reached skill level 15 in Fighting
 21231 | D:13     | Reached skill level 15 in Armour
 21480 | D:13     | Identified the +0 robe of the Ladybird {rElec Regen+}
 21783 | D:14     | Found a runed translucent door.
 21788 | D:14     | Noticed a lich
 21793 | D:14     | Noticed ANNNA's ghost (journeyman DrIE)
 21796 | D:14     | Found a runed translucent door.
 21799 | D:14     | Noticed Nessos
 21813 | D:14     | Killed Nessos
 21813 | D:14     | Received a gift from Okawaru
 22297 | D:14     | Identified the +8 long sword of the Swamp {venom, Will+
                  | Str+4 Int+2}
 22330 | D:14     | Found a gate to the Vaults.
 22559 | D:14     | Gained mutation: You passively map a small area around you.
                  | [potion of mutation]
 22559 | D:14     | Gained mutation: Your mind is acute. (Int +4, Str/Dex -1)
                  | [potion of mutation]
 22563 | D:14     | Lost mutation: You passively map a small area around you.
                  | [potion of mutation]
 22563 | D:14     | Lost mutation: Your mind is acute. (Int +4, Str/Dex -1)
                  | [potion of mutation]
 22563 | D:14     | Gained mutation: [You are weak. (Str -2)] [potion of
                  | mutation]
 22563 | D:14     | Gained mutation: You have large cloven feet. [potion of
                  | mutation]
 22564 | D:14     | Lost mutation: [You are weak. (Str -2)] [potion of
                  | mutation]
 22564 | D:14     | Lost mutation: You have large cloven feet. [potion of
                  | mutation]
 22564 | D:14     | Gained mutation: You have large cloven feet. [potion of
                  | mutation]
 22564 | D:14     | Gained mutation: You passively map a small area around you.
                  | [potion of mutation]
 22783 | D:14     | Identified the +6 glaive "Tidemiph" {venom, rElec rPois
                  | Int+2 Dex+3}
 22976 | D:14     | Killed a lich
 22976 | D:14     | Received a gift from Okawaru
 22977 | D:14     | Reached XP level 16. HP: 145/149 MP: 25/25
 22986 | D:14     | Killed ANNNA's ghost
 23374 | D:15     | Entered Level 15 of the Dungeon
 23392 | D:15     | Identified the +8 dagger of the Genius {flame, rF+ Dex+2
                  | Stlth+} (Okawaru gifted it to you on level 15 of the
                  | Dungeon)
 23392 | D:15     | Received a gift from Okawaru
 23405 | D:15     | Reached skill level 10 in Throwing
 23747 | D:15     | Found a broken altar of Ashenzari.
 24314 | D:15     | Found a staircase to the Depths.
 24326 | D:15     | Received a gift from Okawaru
 24565 | Snake:1  | Entered Level 1 of the Snake Pit
 25229 | Snake:1  | Received a gift from Okawaru
 25451 | Snake:1  | Noticed Jorgrun
 25474 | Snake:1  | Killed Jorgrun
 25531 | Snake:1  | Noticed Mlioglotl
 25532 | Snake:1  | Noticed Aizul
 25553 | Snake:1  | Killed Aizul
 25557 | Snake:1  | Killed Mlioglotl
 25986 | Snake:1  | Found Xanej's Book Emporium.
 26748 | Snake:2  | Reached XP level 17. HP: 119/158 MP: 26/26
 27966 | D:10     | Bought a +2 plate armour of positive energy for 629 gold
                  | pieces
 28136 | Snake:3  | Identified the scarf "Letham" {rC+ rF+, Str+4 Int-3 Dex+4}
                  | (Okawaru gifted it to you on level 3 of the Snake Pit)
 28136 | Snake:3  | Received a gift from Okawaru
 28315 | Snake:3  | Identified the +7 rapier of Paper {freeze, Will- Str+3
                  | Int+6 Dex-5}
 29144 | Snake:4  | Entered Level 4 of the Snake Pit
 29463 | Snake:4  | Received a gift from Okawaru
 29561 | Snake:4  | Noticed Vashnia
 29591 | Snake:4  | Received a gift from Okawaru
 29695 | Snake:4  | Killed Vashnia
 29711 | Arena    | Entered the Arena
 30077 | Snake:4  | Got a serpentine rune of Zot
 30477 | Snake:4  | Received a gift from Okawaru
 30948 | D:10     | Bought a ring of flight for 262 gold pieces
 31053 | Swamp:1  | Entered Level 1 of the Swamp
 31100 | Swamp:1  | Reached XP level 18. HP: 82/169 MP: 27/27
 31366 | Swamp:1  | Identified the +0 ring mail "Mapruhon" {Dex+5} (Okawaru
                  | gifted it to you on level 1 of the Swamp)
 31366 | Swamp:1  | Received a gift from Okawaru
 31849 | Swamp:1  | Noticed Kirke
 31938 | Swamp:1  | Killed Kirke
 32427 | Swamp:2  | Noticed Louise
 32458 | Swamp:2  | Killed Louise
 33010 | Swamp:2  | Found a runed translucent gate.
 33011 | Swamp:2  | Found a runed translucent gate.
 33011 | Swamp:2  | Found a runed translucent gate.
 33023 | Swamp:2  | Noticed ChadusMaximus's ghost (adept BaSu)
 33041 | Swamp:2  | Killed ChadusMaximus's ghost
 33646 | Swamp:3  | Received a gift from Okawaru
 33786 | Swamp:3  | Reached skill level 1 in Invocations
 33879 | Swamp:3  | Received a gift from Okawaru
 35181 | Swamp:4  | Entered Level 4 of the Swamp
 35207 | Swamp:3  | Received a gift from Okawaru
 35887 | Swamp:4  | Received a gift from Okawaru
 36052 | Swamp:4  | Received a gift from Okawaru
 36215 | Swamp:4  | Identified the +8 broad axe "Jirititz" {elec, rF+ rN+
                  | Dex-3}
 37031 | Swamp:4  | Paralysed by a fenstrider witch for 4 turns
 37062 | Swamp:4  | Reached XP level 19. HP: 165/181 MP: 28/28
 37576 | Swamp:4  | Got a decaying rune of Zot
 37851 | Vaults:1 | Entered Level 1 of the Vaults
 38373 | Vaults:1 | Received a gift from Okawaru
 38827 | Vaults:1 | Found Aronyota's Jewellery Emporium.
 39284 | Vaults:1 | Found Adattes's Weapon Emporium.
 39420 | Vaults:1 | Received a gift from Okawaru
 39566 | Vaults:1 | Received a gift from Okawaru
 40100 | Vaults:2 | Received a gift from Okawaru
 40395 | Vaults:2 | Received a gift from Okawaru
 40629 | Vaults:2 | Reached XP level 20. HP: 195/195 MP: 29/29
 40645 | Vaults:2 | Received a gift from Okawaru
 41085 | Vaults:2 | Received a gift from Okawaru
 41268 | Vaults:2 | Identified the +7 flail "Lenazis" {drain, rC++ Str+3
                  | Stlth+}
 41468 | Vaults:3 | Identified the scarf of Moral Flaws {repulsion, Str+3
                  | Dex+3} (Okawaru gifted it to you on level 3 of the Vaults)
 41468 | Vaults:3 | Received a gift from Okawaru
 42141 | Vaults:3 | Noticed a bone dragon
 42167 | Vaults:3 | Killed a bone dragon
 42200 | Vaults:3 | Identified the +9 spear of the Warrior-Mage {heavy, rN++}
 42201 | Vaults:3 | Got Ewonewi's Grimoire of Shadows
 42524 | Vaults:3 | Noticed Donald
 42528 | Vaults:3 | Killed Donald
 42550 | Vaults:3 | Found Caif's Antique Weapon Shoppe.
 42638 | Vaults:3 | Identified the +8 chain mail "Byrots" {rF+ Will- Regen+}
                  | (Okawaru gifted it to you on level 3 of the Vaults)
 42638 | Vaults:3 | Received a gift from Okawaru
 42734 | Vaults:3 | Found a staircase to the Crypt.
 42734 | Vaults:3 | Found a basalt altar of Yredelemnul.
 42735 | Vaults:3 | Found an ancient bone altar of Kikubaaqudgha.
 42977 | Vaults:3 | Paralysed by an air elemental for 1 turns
 43012 | Vaults:3 | Got the Grimoire of the Storm
 43325 | Vaults:3 | Got the Catalogue of the Aged Seers
 43707 | Vaults:3 | Reached skill level 1 in Dodging
 43748 | Vaults:3 | Got Olowunim's Omnibus of Teratogeny
 44063 | Vaults:4 | Found a magical portal.
 44069 | WizLab   | Entered The Roulette of Golubria
 44069 | WizLab   | Found a transporter.
 44181 | WizLab   | Found a corrupted altar of Lugonu.
 44189 | WizLab   | Reached XP level 21. HP: 207/207 MP: 30/30
 44211 | WizLab   | Found a transporter.
 44246 | WizLab   | Found a transporter.
 44265 | WizLab   | Found a transporter.
 44273 | WizLab   | Found a transporter.
 44274 | WizLab   | Found a transporter.
 44393 | WizLab   | Found a corrupted altar of Lugonu.
 44429 | WizLab   | Found a transporter.
 44486 | WizLab   | Found a corrupted altar of Lugonu.
 44498 | WizLab   | Found a transporter.
 44536 | WizLab   | Found a transporter.
 44589 | WizLab   | Found a transporter.
 44639 | WizLab   | Found a transporter.
 44799 | WizLab   | Found a transporter.
 44799 | WizLab   | Found a transporter.
 44897 | WizLab   | Found a transporter.
 44897 | WizLab   | Found a transporter.
 44922 | WizLab   | Found a transporter.
 44944 | WizLab   | Identified the +0 cloak "Zaeq" {Regen+ Str+2 Dex-2}
 44954 | WizLab   | Identified the -1 cloak of Action {Harm Fly rC+}
 44980 | WizLab   | Found a transporter.
 45009 | WizLab   | Received a gift from Okawaru
 45055 | WizLab   | Got the Elucidation of the Map
 45066 | WizLab   | Found a transporter.
 45066 | WizLab   | Found a transporter.
 45197 | Vaults:4 | Received a gift from Okawaru
 45587 | Vaults:4 | Found a gateway to a bazaar.
 45683 | Bazaar   | Entered a bazaar
 45685 | Bazaar   | Found Vefigi Poorph's Assorted Antiques.
 45689 | Bazaar   | Bought a potion of curing for 54 gold pieces
 45689 | Bazaar   | Found Rocwip's Armour Boutique.
 45691 | Bazaar   | Found Zagussum's Antique Armour Boutique.
 45691 | Bazaar   | Found Uruf's General Store.
 45707 | Bazaar   | Bought a potion of curing for 51 gold pieces
 45732 | Bazaar   | Bought a scroll of magic mapping for 127 gold pieces
 45732 | Bazaar   | Bought a potion of mutation for 136 gold pieces
 45744 | Bazaar   | Bought a pair of runed gloves for 202 gold pieces
 45752 | Bazaar   | Bought the +9 scales of the Dragon King {rPois rF+ rC+
                  | Will+} for 1497 gold pieces
 45752 | Bazaar   | Found the +9 scales of the Dragon King {rPois rF+ rC+
                  | Will+}
 46550 | Depths:1 | Entered Level 1 of the Depths
 46713 | Depths:1 | Found a one-way gateway to a ziggurat.
 46818 | Depths:1 | Received a gift from Okawaru
 46846 | Depths:1 | Found a white marble altar of Elyvilon.
 46910 | Depths:1 | Identified the +4 dagger of Helew {heavy, rF+ rC+++ Int+3
                  | Dex-2}
 47244 | Depths:1 | Found a one-way gate to the infinite horrors of the Abyss.
 47315 | Depths:1 | Reached skill level 5 in Dodging
 47640 | Depths:1 | Found a gateway to Hell.
 47655 | Depths:1 | Identified the staff of cold "Nacirom" {rC+ Stlth+}
 48530 | Depths:2 | Found an iron altar of Okawaru.
 48560 | Depths:2 | Noticed a caustic shrike
 48560 | Depths:2 | Noticed a caustic shrike
 48561 | Depths:2 | Noticed a caustic shrike
 48566 | Depths:2 | Killed a caustic shrike
 48568 | Depths:2 | Killed a caustic shrike
 48568 | Depths:2 | Received a gift from Okawaru
 48571 | Depths:2 | Killed a caustic shrike
 48657 | Depths:2 | Identified the +7 flail of Puvurph {flame, rPois rC++ Will-
                  | rCorr}
 48737 | Depths:2 | Reached XP level 22. HP: 217/222 MP: 31/31
 48802 | Depths:2 | Received a gift from Okawaru
 48804 | Depths:2 | Found a basalt altar of Yredelemnul.
 48808 | Depths:2 | Found a one-way gate leading to the halls of Pandemonium.
 49019 | Depths:2 | Received a gift from Okawaru
 49063 | Depths:2 | Noticed a golden dragon
 49075 | Depths:2 | Killed a golden dragon
 49364 | Depths:2 | Noticed the Enchantress
 49385 | Depths:2 | Killed the Enchantress
 49611 | Depths:2 | Received a gift from Okawaru
 49739 | Depths:2 | Identified the +10 short sword of the Pyrrhic Victory
                  | {flame, Str-4 Int+4}
 49745 | Depths:2 | Noticed a caustic shrike
 49758 | Depths:2 | Killed a caustic shrike
 49778 | Depths:2 | Found a hazy altar of Hepliaklqana.
 49779 | Depths:2 | Noticed a caustic shrike
 49780 | Depths:2 | Noticed a caustic shrike
 49788 | Depths:2 | Killed a caustic shrike
 49798 | Depths:2 | Killed a caustic shrike
 49815 | Depths:2 | Noticed a caustic shrike
 49824 | Depths:2 | Killed a caustic shrike
 49976 | Depths:2 | Got Jacu's Octavo of Nightshade and Inhalation
 50019 | Depths:2 | Received a gift from Okawaru
 50027 | Depths:2 | Found a white marble altar of Elyvilon.
 50371 | Depths:2 | Identified the ring of Liberalism {Fly rElec rCorr Str+3
                  | SInv}
 50696 | Depths:3 | Identified the +5 scale mail of Parts Unknown {Rampage
                  | +Blink rN++ Regen+}
 50750 | Depths:3 | Received a gift from Okawaru
 50774 | Depths:3 | Received a gift from Okawaru
 51253 | Depths:3 | Found Ryun Qik's Armour Emporium.
 51364 | Depths:4 | Entered Level 4 of the Depths
 51437 | Depths:4 | Noticed Jory
 51438 | Depths:4 | Found Taimm's Book Emporium.
 51449 | Depths:4 | Killed Jory
 51449 | Depths:4 | Received a gift from Okawaru
 51506 | Depths:4 | Noticed Mennas
 51530 | Depths:4 | Killed Mennas
 51531 | Depths:4 | Reached XP level 23. HP: 200/234 MP: 32/32
 51793 | Depths:4 | Found a gate to the Realm of Zot.
 52569 | Slime:1  | Entered Level 1 of the Pits of Slime
 52578 | Slime:1  | Gained mutation: You do not regenerate when monsters are
                  | visible. [a shining eye]
 52600 | Slime:2  | Gained mutation: [You occasionally shout uncontrollably at
                  | your foes.] [a shining eye]
 52617 | Slime:2  | Identified the -1 pair of gloves of Prudence {rPois rCorr
                  | Int+4} (Okawaru gifted it to you on level 2 of the Pits of
                  | Slime)
 52617 | Slime:2  | Received a gift from Okawaru
 52629 | Slime:2  | Gained mutation: [Your magical capacity is low. (-10% MP)]
                  | [a shining eye]
 52636 | Slime:2  | Gained mutation: [You are dopey. (Int -2)] [a shining eye]
 52638 | Slime:2  | Gained mutation: You occasionally lose the ability to read
                  | scrolls when taking damage. [a shining eye]
 53621 | Slime:5  | Entered Level 5 of the Pits of Slime
 53635 | Slime:5  | Reached skill level 10 in Dodging
 53967 | Slime:5  | Received a gift from Okawaru
 54007 | Slime:5  | Noticed the Royal Jelly
 54012 | Slime:5  | Killed the Royal Jelly
 54013 | Slime:5  | Reached skill level 27 in Axes
 54439 | Slime:4  | Received a gift from Okawaru
 54640 | Slime:5  | Gained mutation: You sometimes lose your temper in combat.
                  | [a shining eye]
 54681 | Slime:5  | Identified the staff of air "Fun Bir" {Fragile rElec Will+
                  | Int-5 Dex+5}
 54722 | Slime:5  | Got a slimy rune of Zot
 54754 | Slime:5  | Identified the staff of air "Kitiwn" {rElec Str+8}
 54769 | Slime:5  | Identified the staff of conjuration "Wauz" {Fragile rC+
                  | Int+2}
 55535 | Vaults:5 | Entered Level 5 of the Vaults
 55856 | Vaults:5 | Noticed a dread lich
 55924 | Vaults:4 | Killed a dread lich
 56060 | Vaults:5 | Reached XP level 24. HP: 247/247 MP: 29/29
 56077 | Vaults:5 | Identified the +11 morningstar of Watchfulness {freeze,
                  | rPois rF++ rC+ Str+3}
 56093 | Vaults:5 | Identified the +8 flail "Seesomu" {freeze, rC- Str+7 SInv
                  | Stlth+}
 56095 | Arena    | Entered the Arena
 56557 | Vaults:5 | Noticed an ancient lich
 56558 | Arena    | Entered the Arena
 56609 | Vaults:5 | Killed an ancient lich
 56961 | Vaults:5 | Received a gift from Okawaru
 56976 | Vaults:5 | Reached skill level 27 in Fighting
 57428 | Vaults:5 | Identified the +9 spear "Blob" {antimagic, rN+ rCorr Str-2}
 57537 | Vaults:5 | Received a gift from Okawaru
 57570 | Vaults:5 | Got a silver rune of Zot
 58016 | Vaults:5 | Got the Commentary on the Adder
 58018 | Vaults:5 | Identified the +9 short sword "Tormentor" {freeze, rF+
                  | Will+ Dex+2}
 58240 | Vaults:5 | Identified the +0 lajatang of Bodily Humours {freeze, rF+
                  | Str+2}
 58272 | Vaults:5 | Identified the +1 giant club "Tap Dubb" {venom, rElec
                  | Stlth+}
 58290 | Vaults:5 | Identified the +2 triple sword "Inaovy" {heavy, rC+ SInv
                  | Stlth+}
 58568 | Vaults:5 | Lost mutation: [Your magical capacity is low. (-10% MP)]
                  | [potion of mutation]
 58568 | Vaults:5 | Lost mutation: You occasionally lose the ability to read
                  | scrolls when taking damage. [potion of mutation]
 58568 | Vaults:5 | Lost mutation: You sometimes lose your temper in combat.
                  | [potion of mutation]
 58568 | Vaults:5 | Gained mutation: You have a pair of large horns on your
                  | head. [potion of mutation]
 58571 | Vaults:5 | Lost mutation: [You occasionally shout uncontrollably at
                  | your foes.] [potion of mutation]
 58571 | Vaults:5 | Lost mutation: [You are dopey. (Int -2)] [potion of
                  | mutation]
 58571 | Vaults:5 | Lost mutation: You have large cloven feet. [potion of
                  | mutation]
 58571 | Vaults:5 | Gained mutation: Your skin changes colour to match your
                  | surroundings (Stealth+). [potion of mutation]
 58571 | Vaults:5 | Gained mutation: You are robust. (+10% HP) [potion of
                  | mutation]
 58571 | Vaults:5 | Gained mutation: Your spells are a little harder to cast,
                  | but a little more powerful. [potion of mutation]
 58926 | Zot:1    | Entered Level 1 of the Realm of Zot
 58926 | Zot:1    | Noticed an ancient lich
 58928 | Zot:1    | Noticed a Killer Klown
 58934 | Zot:1    | Killed an ancient lich
 58942 | Zot:1    | Killed a Killer Klown
 58942 | Zot:1    | Received a gift from Okawaru
 59021 | Arena    | Entered the Arena
 59479 | Zot:1    | Acquired a manual of Transmutations
 59606 | Zot:1    | Identified the +0 plate armour of Ynnikowk {rF+++ rC+ Int-5
                  | Slay+5}
 59892 | Zot:1    | Found Nism's Changing Room.
 60529 | Zot:2    | Noticed an orb of fire
 60542 | Zot:2    | Killed an orb of fire
 60542 | Zot:2    | Received a gift from Okawaru
 60887 | Zot:3    | Received a gift from Okawaru
 60921 | Zot:3    | Reached XP level 25. HP: 183/265 MP: 32/32
 62023 | Zot:4    | Received a gift from Okawaru
 62067 | Zot:4    | Received a gift from Okawaru
 62897 | Zot:4    | Identified the +12 chain mail of Henotheism {rElec Str+2
                  | Int-5}
 63674 | Zot:4    | Identified the +0 shortbow of the Dark Horse {drain,
                  | *Corrode rElec rF+++ MP+9}
 63813 | Zot:5    | Entered Level 5 of the Realm of Zot
 63964 | Zot:5    | Noticed an ancient lich
 63975 | Zot:5    | Noticed an orb of fire
 63975 | Zot:5    | Killed an ancient lich
 63975 | Zot:5    | Received a gift from Okawaru
 63985 | Zot:5    | Gained mutation: Armour fits poorly on your strangely
                  | shaped body. [an orb of fire]
 63987 | Zot:5    | Killed an orb of fire
 63987 | Zot:5    | Noticed an orb of fire
 64001 | Zot:5    | Killed an orb of fire
 64002 | Zot:5    | Noticed a Killer Klown
 64002 | Zot:5    | Noticed a dread lich
 64002 | Zot:5    | Noticed a dread lich
 64002 | Zot:5    | Noticed an orb of fire
 64002 | Zot:5    | Noticed an ancient lich
 64002 | Zot:5    | Noticed an ancient lich
 64002 | Zot:5    | Noticed an ancient lich
 64002 | Zot:5    | Noticed an ancient lich
 64024 | Arena    | Entered the Arena
 64036 | Arena    | Killed a Killer Klown
 64036 | Arena    | Received a gift from Okawaru
 64037 | Arena    | Reached skill level 15 in Dodging
 64059 | Zot:4    | Killed an ancient lich
 64060 | Zot:4    | Reached skill level 15 in Throwing
 64355 | Zot:5    | Lost mutation: You are robust. (+10% HP) [an orb of fire]
 64364 | Zot:4    | Killed an orb of fire
 64370 | Zot:4    | Killed an ancient lich
 64729 | Zot:4    | Killed a dread lich
 64729 | Zot:4    | Identified the +15 gold dragon scales of True Grit {rPois
                  | rF+ rC+ Dex+2} (Okawaru gifted it to you on level 4 of the
                  | Realm of Zot)
 64729 | Zot:4    | Received a gift from Okawaru
 64761 | Zot:4    | Killed an ancient lich
 64862 | Zot:4    | Killed a dread lich
 64863 | Zot:4    | Killed an ancient lich
 65113 | Zot:5    | Reached XP level 26. HP: 243/266 MP: 32/32
 65248 | Zot:5    | Noticed a dread lich
 65252 | Zot:5    | Paralysed by a dread lich for 3 turns
 65259 | Zot:5    | Killed a dread lich
 65630 | Zot:5    | Reached skill level 27 in Shields
 65842 | Zot:5    | Noticed a dread lich
 65888 | Zot:5    | Paralysed by a dread lich for 3 turns
 65898 | Zot:5    | Killed a dread lich
 66473 | Zot:5    | Got the Orb of Zot
 66915 | Depths:1 | Noticed Guattuist the pandemonium lord
 66927 | Depths:1 | Killed Guattuist the pandemonium lord
 67008 | D:14     | Received a gift from Okawaru
 67134 | D:10     | Noticed Koemas the pandemonium lord
 67324 | D:3      | Noticed Tihuilud the pandemonium lord
 67330 | Abyss:5  | Cast into level 5 of the Abyss (Tihuilud)
 67400 | Abyss:5  | Lost intelligence.
 67451 | Abyss:6  | Found a corrupted altar of Lugonu.
 67457 | Abyss:6  | Fell from the grace of Okawaru
 67457 | Abyss:6  | Became a worshipper of Lugonu the Unformed
 67457 | Abyss:6  | Reached * piety under Lugonu
 67457 | Abyss:6  | Reached ** piety under Lugonu
 67458 | D:3      | Escaped the Abyss
 67459 | D:3      | HP: 10/233 [Tihuilud the pandemonium lord (6)]
 67460 | D:3      | Killed from afar by a Hell Sentinel

Illustrated notes

Levels and vault maps discovered:
D:1:      psy_arrival_basics, layout_basic, serial_corexii_hall,
          chequers_hall_statues_wall_a, corexii_hall_statues_i,
          dreamdust_ecumenical_altar_sealed_demon, minmay_split_cup_small
D:2:      layout_loops_corners, basic_altar
D:3:      layout_loops_ring, tgw_xom, moated_statue,
          hellmonk_guarded_unrand_hermit
D:4:      layout_rooms, uniq_eustachio, uniq_ijyb
D:5:      wad_woods_pond, layout_basic, minitemple, kennysheep_path_1
D:6:      layout_cave_pools, kennysheep_vampire_church, serial_park_tiny_2,
          uniq_grinder, uniq_sigmund
D:7:      layout_rooms, minmay_temple_entry_purple_smoke, uniq_duvessa,
          uniq_pikel
D:8:      minmay_the_grid_plus [minmay_the_grid_mess, minmay_the_grid_expand,
          minmay_the_grid_large_cup, minmay_the_grid_slots,
          minmay_the_grid_prize_big_room], layout_basic, okawaru_gym_becter
D:9:      layout_irregular_city, minmay_lair_entry_grove
D:10:     layout_irregular_city, zin_angel, mainiacjoe_overflow_chevrons,
          serial_shops, nicolae_shop_stone, nicolae_shop_hallway_plus, shop,
          shop, shop, nicolae_elemental_shop, uniq_erica, uniq_erolcha,
          uniq_grum, uniq_lodul
D:11:     lemuel_ogre_cave, layout_loops_ring, zombieorc1_lemuel, minivault_16,
          minmay_statue_crystal_thing
D:12:     layout_loops_ring, uniq_gastronok
D:13:     layout_cave_pools
D:14:     layout_stronghold, erik_vaults_1, chequers_serial_rivers_marsh,
          muffindrake_ghost_dual_entry, uniq_nessos
D:15:     gammafunk_enter_depths_forms, layout_rooms, nicolae_ashenzari_skybound
Temple:   nicolae_temple_superstar
Lair:1:   beast_lair_carwin_large_1, layout_loops_ring,
          eino_small_chamber_without_monster, serial_bayou_ford_a
Lair:2:   layout_hall_layers, palyth_hydra_swamp_entry,
          nicolae_snake_entry_warm_welcome, gammafunk_lair_bear_cave
Lair:3:   layout_regular_city, grunt_megastairs_3, lemuel_fruit_fields,
          infiniplex_staircase_pool, lemuel_fruit_tree, uniq_sonja, uniq_snorg,
          uniq_urug
Lair:4:   layout_regular_city, wad_woods_river_01, grunt_megastairs_4,
          lemuel_fruit_fields, uniq_rupert
Lair:5:   hangedman_lair_tendril_chambers, layout_regular_city, wormcave,
          minmay_slime_entry_oklob_enclosed
Swamp:1:  layout_falls_marsh, evilmike_swamp_ruin_rubble_2, swamp_pool1,
          nicolae_swamp_triple_paths, uniq_kirke
Swamp:2:  layout_falls_marsh, gammafunk_ghost_necromancy,
          evilmike_swamp_ruin_rubble_1, swamp_pool5, uniq_louise
Swamp:3:  nicolae_swamp_phyte_club, layout_basic_swamp,
          evilmike_swamp_ruin_house_5, swamp_pool4,
          nicolae_swamp_alligator_family
Swamp:4:  swamp_vile, layout_basic_swamp, nicolae_swamp_spooky_pond
Snake:1:  layout_cave_shapes, serial_shops, nicolae_shop_tiny_glass,
          grunt_megastairs_2, uniq_mlioglotl, uniq_aizul, uniq_jorgrun
Snake:2:  layout_layer_cave, eino_curves_02
Snake:3:  layout_layer_cave
Snake:4:  grunt_snake_rune_serpentine_throne, layout_gridlike,
          nicolae_coiled_stairwell_up, serial_bayou_shore_b,
          serial_bayou_shore_a
Slime:1:  layout_caves
Slime:2:  layout_caves
Slime:3:  layout_caves
Slime:4:  layout_caves, special_room [special_room_jelly]
Slime:5
Orc:1:    layout_diamond_mine, nicolae_specific_store
Orc:2:    grunt_orc_cross, layout_diamond_mine, serial_shops, shop,
          nicolae_shop_clearance
Elf:1:    nicolae_elf_arrival_fired_up, layout_loops_corners,
          minmay_elf_annihilation, uniq_nikola
Vaults:1: nicolae_vaults_oval_intersection, ontoclasm_vaults_spin,
          nicolae_vaults_taking_the_gang_shopping, v_misc_8,
          ontoclasm_vaults_shuriken, v_misc_4, ontoclasm_vaults_gateway,
          v_alt_pattern_5, v_misc_14, hangedman_vaults_slice,
          vaults_room_stairs_pillars, nicolae_vaults_asterisk,
          layout_vaults_big_room, serial_shops, nicolae_square_shop
Vaults:2: hangedman_vaults_corner, nicolae_vaults_octagons,
          nicolae_vaults_three_branches, hangedman_vaults_capsules,
          hangedman_vaults_nails, v_misc_31, v_misc_5, vaults_mumra_lcd,
          nicolae_vaults_storage_room_statues, layout_vaults_big_cross
Vaults:3: nicolae_vaults_alarming, nicolae_vaults_network_quinsquares
          [nicolae_vaults_network_quincunx_subvault,
          nicolae_vaults_network_quincunx_subvault,
          nicolae_vaults_network_quincunx_subvault,
          nicolae_vaults_network_quincunx_subvault], nicolae_vaults_what_the_h,
          minmay_crypt_entry_necro_gods, nicolae_vaults_two_Ls,
          nicolae_vaults_more_shelving_1, nicolae_vaults_little_squares_6,
          layout_vaults_quadrants, serial_hangedman_research,
          hangedman_research_electronics, hangedman_research_metamorphosis,
          hangedman_research_toxicology, hangedman_research_thanatology,
          serial_shops, nicolae_shop_tiny_real_fake_doors, uniq_donald
Vaults:4: infiniplex_enter_wizlab_spiral, nicolae_vaults_wrenched,
          nicolae_vaults_closet_pinwheel_3, nicolae_vaults_specimen_jars,
          ontoclasm_vaults_fault, vaults_dpeg_diagonal, nicolae_vaults_heist,
          hangedman_vaults_corner_blocks, nicolae_vaults_double_plus_1,
          nicolae_vaults_ring_of_whatevers, nicolae_vaults_closet_pinwheel_5,
          nicolae_vaults_oval_intersection, nicolae_vaults_steering_wheel,
          layout_vaults_omnibox, serial_shops, bzr_entry_gold
Vaults:5
Depths:1: layout_gridlike, enter_ziggurat_f, lightli_too_deep,
          columned_hall_lemuel, abyss_entry_crystal,
          chequers_serial_rivers_large_a, elyvilon_altar_3
Depths:2: grunt_profane_halls [grunt_profane_temple_geh,
          grunt_profane_temple_tar, grunt_profane_temple_coc,
          grunt_profane_temple_dis, grunt_profane_loot], abyss_entry,
          hell_entry, pan_entry, uniq_enchantress
Depths:3: hangedman_arrow_trap, layout_gridville, hangedman_coc_ice_floe,
          serial_shops, nicolae_shop_back_alley_shop, abyss_entry,
          infiniplex_staircase_squiggle
Depths:4: grunt_zot_entry_tricorne, layout_cave_pools, hell_entry,
          corexii_hall_statues_x, serial_shops, shop, uniq_mennas, uniq_jory
Zot:1:    ebering_klown_carousel, layout_misc_corridors,
          nicolae_transmutations_shop
Zot:2:    layout_cellular_growth
Zot:3:    layout_concentric_octagons, zot_minivault_4
Zot:4:    layout_misc_corridors, hangedman_zot_spectrum
Zot:5:    layout_cathedral_of_symmetry

Skill      XL: |  1  2  3  4  5  6  7  8  9 10 11 12 13 14 15 16 17 18 19 20 21 22 23 24 25 26 |
---------------+-------------------------------------------------------------------------------+-----
Axes           | 3 4 5 6 7 9 11 13 14 16 19 21 22 23 24 25 26 27 | 27.0
Shields        | 4 5 6 7 8 9 11 12 13 14 16 18 19 20 21 22 23 24 25 26 27 | 27.0
Fighting       | 4 5 6 7 8 9 11 12 13 14 15 16 17 18 20 22 23 25 26 27 | 27.0
Armour         | 4 5 6 7 8 9 11 12 13 14 15 16 17 18 19 20 21 22 23 24 25 | 25.6
Throwing       | 3 5 7 8 9 10 12 13 15 16 | 16.2
Invocations    | 3 |  3.2
Dodging        | 2 6 9 11 13 15 16 | 16.5

Action                     |  1- 3 |  4- 6 |  7- 9 | 10-12 | 13-15 | 16-18 | 19-21 | 22-24 | 25-27 || total
---------------------------+-------+-------+-------+-------+-------+-------+-------+-------+-------++-------
  Melee: War axe           |    84 |    73 |   104 |   482 |   901 |  1283 |       |       |       ||  2927
         Headbutt          |     6 |    10 |    20 |   108 |   292 |   417 |   335 |   382 |   172 ||  1742
         Unarmed           |       |       |       |    10 |       |     1 |       |       |       ||    11
         Broad axe         |       |       |       |       |   191 |   211 |  1220 |  1254 |   551 ||  3427
  Throw: Boomerang         |       |       |     5 |     2 |    43 |    93 |    14 |    78 |    17 ||   252
         Throwing net      |       |       |     1 |       |       |       |       |     1 |       ||     2
         Javelin           |       |       |       |       |    16 |     6 |     7 |    14 |    18 ||    61
 Invoke: Heroism           |       |       |       |     4 |    15 |    17 |     6 |    27 |    17 ||    86
         Finesse           |       |       |       |       |     2 |     4 |     2 |     5 |     2 ||    15
         Duel              |       |       |       |       |       |     1 |       |     3 |     1 ||     5
         Depart the Abyss  |       |       |       |       |       |       |       |       |     1 ||     1
    Use: Potion            |       |       |       |     5 |     5 |     5 |       |    21 |    21 ||    57
         Scroll            |       |       |       |    10 |    16 |     7 |     4 |    12 |     8 ||    57
 Armour: Scale mail        |     8 |       |       |       |       |       |       |       |       ||     8
         Plate armour      |    27 |    42 |       |       |       |   342 |   262 |       |       ||   673
         Chain mail        |       |    12 |    52 |   222 |   431 |   136 |       |       |       ||   853
         Skin              |       |       |       |     1 |       |       |       |       |       ||     1
         Gold dragon scale |       |       |       |       |       |       |    66 |   589 |   196 ||   851
  Dodge: Dodged            |    47 |    57 |    77 |   256 |   385 |   202 |   155 |   326 |   159 ||  1664
  Block: Buckler           |    18 |    19 |    29 |   135 |    40 |       |       |       |       ||   241
         Kite shield       |       |       |       |       |   194 |       |       |       |       ||   194
         Tower shield      |       |       |       |       |   730 |  1677 |  1114 |  1491 |   642 ||  5654
